 Dungeon Crawl Stone Soup version 0.24.1-5-g77f818bfca (webtiles) character file.

Game seed: 6434473301706638860, levelgen mode: deterministic

5241 geugdoui the Cleaver (level 10, -5/77 HPs)
             Began as a Formicid Fighter on Apr 23, 2020.
             Was a Believer of Qazlal.
             Slain by an orc knight
             ... wielding a +0 halberd
              (21 damage)
             ... in a bailey.
             The game lasted 00:21:04 (10003 turns).

geugdoui the Cleaver (Formicid Fighter)            Turns: 10003, Time: 00:21:04

Health: -5/77      AC: 16    Str: 24    XL:     10   Next: 92%
Magic:  10/10      EV: 15    Int:  8    God:    Qazlal [**....]
Gold:   712        SH:  0    Dex: 10    Spells: 9/9 levels left

rFire    . . .     SeeInvis +   a - +1 war axe (flame)
rCold    . . .     Gourm    .   c - +0 shield
rNeg     . . .     Faith    .   D - +0 plate armour
rPois    .         Spirit   .   (helmet unavailable)
rElec    .         Reflect  .   B - +0 cloak
rCorr    .         Harm     .   (no gloves)
MR       +....                  i - +0 pair of boots
Stlth    ..........             (no amulet)
HPRegen  0.22/turn              z - +4 ring of evasion
MPRegen  0.12/turn              x - +4 ring of evasion

@: confused, very slightly contaminated, invisible
A: permanent stasis, dig shafts and tunnels, four strong arms, antennae 3
a: Dig, Shaft Self, Upheaval, Renounce Religion


You were in a bailey.
You worshipped Qazlal.
Qazlal was pleased with you.
You were hungry.

You visited 1 branch of the dungeon, and saw 9 of its levels.
You also visited: Bailey.

You collected 947 gold pieces.
You spent 235 gold pieces at shops.

Inventory:

Hand Weapons
 a - a +1 war axe of flaming (weapon)
 C - a +3 trident
Missiles
 t - 119 stones
 u - 8 boomerangs (quivered)
Armour
 b - a +0 scale mail
 c - a +0 shield (worn)
 i - a +0 pair of boots (worn)
 B - a +0 cloak (worn)
 D - a +0 plate armour (worn)
Jewellery
 o - an uncursed ring of positive energy
 x - a +4 ring of evasion (right hand)
 z - a +4 ring of evasion (left hand)
 E - an uncursed ring of positive energy
 H - an uncursed ring of magical power
Wands
 k - a wand of clouds (2)
 I - a wand of acid (2)
Scrolls
 d - a scroll of amnesia {unknown}
 e - 4 scrolls of remove curse
 g - 2 scrolls of fear {unknown}
 h - a scroll of magic mapping
 n - a scroll of blinking {unknown}
 r - 2 scrolls of random uselessness {unknown}
 s - a scroll of immolation {unknown}
 y - 2 scrolls of enchant weapon
 G - a scroll of fog {unknown}
Potions
 j - a potion of mutation
 l - a potion of degeneration
 p - a potion of resistance
 w - 2 potions of curing
 F - a potion of cancellation {unknown}
 J - a potion of magic {unknown}
Comestibles
 f - 11 rations
 m - 21 chunks of flesh


   Skills:
 + Level 6.6 Fighting
 + Level 11.0 Axes
 + Level 2.3 Throwing
 + Level 8.1 Armour
 + Level 8.3 Shields
 + Level 0.3 Evocations


You had 9 spell levels left.
You didn't know any spells.
Your spell library contained the following spells:

 Spells                   Type           Power        Failure   Level  Hunger
 Flame Tongue             Conj/Fire      #....        99%         1    ##.....
 Cause Fear               Hex            #.........   100%        4    #####..
 Bolt of Fire             Conj/Fire      #.........   100%        6    #######
 Dragon Form              Tmut           #.........   100%        7    #######
 Dragon's Call            Summ           #.........   100%        9    #######


Dungeon Overview and Level Annotations

Branches:
Dungeon (9/15)             Temple (0/1) D:7          Bailey (1/1)
   Lair: D:8-11         Orc: D:9-12

Altars:
Dithmenos
Hepliaklqana
Kikubaaqudgha
Makhleb
Nemelex Xobeh
Okawaru
Qazlal
Ru
Sif Muna
Uskayaw
Wu Jian
Yredelemnul
Zin

Shops:
D:6 ?   D:7 %

Annotations:
D:3 exclusion: downstairs
D:7 exclusion: downstairs
D:8 Maurice


Innate Abilities, Weirdness & Mutations

You cannot be hasted, slowed, berserked, paralysed or teleported.
You can dig through walls and to a lower floor.
Your four strong arms can wield two-handed weapons with a shield.
You have a pair of large antennae on your head. (SInv)


Message History

Aim: an orc knight, wielding a +0 halberd and wearing a +0 chain mail (lightly wounded, poisoned)
The bolt of acid hits the orc!
The orc is splashed with acid.
You kill the orc!
Qazlal accepts your kill.
The bolt of acid hits the orc knight!
The orc knight is splashed with acid.
The acid corrodes the orc knight!
The orc knight is moderately wounded.
The orc knight roars a battlecry!
The orc warrior goes into a battle-frenzy!
Evoke which item? (* to show all) (? for menu, Esc to quit)
Aiming: Corrosive Bolt
Press: ? - help, Shift-Dir - straight line, f/p - orc knight
Aim: an orc knight, wielding a +0 halberd and wearing a +0 chain mail (moderately wounded, poisoned, covered in acid)
The bolt of acid misses the orc knight.
You are confused.
You feel invigorated.
The orc knight roars a battlecry!
You hear a shout!
The orc knight hits you from afar with a +0 halberd!!
You die...

## ####### ### .##
##.....######## ....
..######.).....#.....#.....
..#...)#)..)..☼☼@?!!.'.....
..'....))......'°)o)o'....o
..#....#)......'.!!!)))....
..######.......#.....#.....
.## ##.....######## .... ##
####### ###


You could see an orc knight and an orc warrior.

Vanquished Creatures
  2 orc knights (Bailey)
  Eustachio (D:6)
  A water moccasin (D:6)
  7 orc warriors
  5 sky beasts
  2 phantoms
  2 ice beasts (D:5)
  2 ogres
  2 centaurs
  7 bullfrogs
  3 scorpions
  5 killer bees
  A water moccasin skeleton (D:7)
  4 wights (D:7)
  2 crimson imps
  2 bullfrog zombies
  A quasit (D:5)
  5 hounds
  A jelly (D:7)
  8 orc priests
  5 orc wizards
  2 bullfrog skeletons
  A gnoll shaman (D:4)
  An iguana (D:5)
  Natasha (thrice) (D:4)
  8 worker ants
  A hound zombie (D:6)
  3 gnolls
  A howler monkey skeleton (D:5)
  6 adders
  An ooze (D:1)
  3 worms
  A leopard gecko (D:5)
  45 orcs
  A ball python (D:3)
  4 bats
  5 giant cockroaches
  12 goblins
  5 hobgoblins
  4 quokkas
  5 frilled lizards
  4 kobolds
  A leopard gecko skeleton (D:4)
  A quokka skeleton (D:7)
  6 rats
192 creatures vanquished.

Vanquished Creatures (others)
  A giant cockroach (D:5)
1 creature vanquished.

Grand Total: 193 creatures vanquished

Notes
Turn   | Place    | Note
-------+----------+-------------------------------------------
     0 | D:1      | geugdoui the Formicid Fighter began the quest for the Orb.
     0 | D:1      | Reached XP level 1. HP: 18/18 MP: 1/1
   120 | D:1      | Reached XP level 2. HP: 23/24 MP: 2/2
   735 | D:2      | Found an ancient bone altar of Kikubaaqudgha.
   752 | D:2      | Reached XP level 3. HP: 13/29 MP: 3/3
  1747 | D:2      | Reached XP level 4. HP: 37/37 MP: 4/4
  1929 | D:3      | Reached skill level 3 in Axes
  1940 | D:3      | Found a hazy altar of Hepliaklqana.
  2741 | D:4      | Reached XP level 5. HP: 37/42 MP: 5/5
  2748 | D:4      | Reached skill level 4 in Axes
  3222 | D:4      | Reached XP level 6. HP: 36/48 MP: 6/6
  3552 | D:4      | Reached skill level 5 in Armour
  3660 | D:4      | Noticed Natasha
  3661 | D:4      | Noticed a phantom
  3667 | D:4      | Reached skill level 5 in Axes
  3680 | D:4      | You fall into a shaft and drop 2 floors!
  3883 | D:5      | Entered Level 5 of the Dungeon
  4083 | D:4      | Killed Natasha
  4083 | D:4      | Reached XP level 7. HP: 54/54 MP: 7/7
  4277 | D:4      | Noticed Natasha
  4294 | D:4      | Killed Natasha
  4311 | D:4      | You fall into a shaft and drop 1 floor!
  4444 | D:4      | Noticed Natasha
  4453 | D:4      | Killed Natasha
  4478 | D:4      | Reached skill level 1 in Throwing
  4486 | D:4      | Reached skill level 6 in Axes
  4671 | D:4      | Reached XP level 8. HP: 42/61 MP: 8/8
  5124 | D:4      | Found a sacrificial altar of Ru.
  5429 | D:5      | Found a shadowy altar of Dithmenos.
  5439 | D:5      | Found a stormy altar of Qazlal.
  5459 | D:5      | Became a worshipper of Qazlal Stormbringer
  6377 | D:5      | Reached skill level 7 in Axes
  6758 | D:5      | Reached skill level 5 in Fighting
  6820 | D:5      | Reached XP level 9. HP: 68/68 MP: 9/9
  6890 | D:5      | Reached skill level 8 in Axes
  7033 | D:6      | Noticed Eustachio
  7311 | D:6      | Killed Eustachio
  7395 | D:6      | Reached skill level 5 in Shields
  7630 | D:6      | Found Kazxai Ygea's Magic Scroll Boutique.
  7645 | D:6      | Reached * piety under Qazlal
  7650 | D:6      | Reached skill level 9 in Axes
  7770 | D:6      | Bought a scroll of magic mapping for 35 gold pieces
  8157 | D:6      | Bought a scroll of brand weapon for 200 gold pieces
  8492 | D:7      | Found a sparkling altar of Nemelex Xobeh.
  8574 | D:7      | Reached XP level 10. HP: 68/76 MP: 10/10
  8706 | D:7      | Found a shimmering blue altar of Sif Muna.
  9036 | D:7      | Reached skill level 10 in Axes
  9220 | D:7      | Found Boupliuss's Food Boutique.
  9298 | D:7      | Found a burning altar of Makhleb.
  9300 | D:7      | Found a glowing silver altar of Zin.
  9300 | D:7      | Noticed an angel
  9301 | D:7      | Noticed a balrug
  9424 | D:7      | Found a hide-covered altar of Uskayaw.
  9460 | D:7      | Found an iron altar of Okawaru.
  9460 | D:7      | Found a shadowy altar of Dithmenos.
  9460 | D:7      | Found an ornate altar of the Wu Jian Council.
  9463 | D:7      | Found a basalt altar of Yredelemnul.
  9590 | D:7      | Found a staircase to the Ecumenical Temple.
  9740 | D:8      | You fall into a shaft and drop 1 floor!
  9762 | D:8      | Noticed a two-headed ogre
  9791 | D:8      | Noticed Maurice
  9807 | D:8      | Found a flagged portal.
  9811 | D:8      | Reached ** piety under Qazlal
  9827 | Bailey   | Entered a bailey
  9973 | Bailey   | Noticed an orc knight
  9976 | Bailey   | Noticed an orc knight
  9989 | Bailey   | Killed an orc knight
  9996 | Bailey   | Noticed an orc knight
  9998 | Bailey   | Killed an orc knight
  9998 | Bailey   | Reached skill level 11 in Axes
 10003 | Bailey   | Slain by an orc knight

Levels and vault maps discovered:
D:1:      elethiomel_arrival_infinity_welcomes_careful_drivers, layout_basic
D:2:      layout_loops_cross, overflow_temple_1_default, minmay_box_of_dots
D:3:      layout_basic, lemuel_doored_altar
D:4:      layout_gridville, minmay_ruined_shrine, uniq_natasha
D:5:      minmay_polygon_palace, layout_basic, grunt_qazlal_clouds, basic_altar,
          first_ration
D:6:      layout_rooms, serial_shops, nicolae_shop_waterfront,
          minmay_crystal_water, uniq_eustachio
D:7:      layout_loops_ring, grunt_temple_overflow_order_and_chaos_2,
          lemuel_round_altar, minitemple, temple_statues, serial_shops,
          shop_statue, basic_altar
D:8:      layout_gridville, enter_bailey_2, nicolae_ossuary_entry_plus,
          uniq_maurice
D:9:      layout_basic, lemuel_coloured_pillars_altar,
          overflow_temple_1_default, grunt_pizzeria, minivault_25
Bailey:   bailey_polearm_5, bailey

Skill      XL: |  1  2  3  4  5  6  7  8  9 10 |
---------------+-------------------------------+-----
Armour         | 4 5 6 7 8 |  8.1
Axes           | 3 4 5 6 7 9 11 | 11.0
Fighting       | 4 5 6 |  6.6
Throwing       | 1 2 |  2.3
Shields        | 4 6 8 |  8.3
Evocations     | |  0.3

Action                   |  1- 3 |  4- 6 |  7- 9 | 10-12 || total
-------------------------+-------+-------+-------+-------++-------
Melee: War axe           |    87 |   126 |   349 |   164 ||   726
Throw: Stone             |       |     3 |    22 |       ||    25
       Boomerang         |       |       |     4 |    11 ||    15
 Abil: Shaft Self        |       |     1 |     1 |       ||     2
Evoke: Wand              |       |       |       |     5 ||     5
  Use: Potion            |     1 |       |       |     3 ||     4
       Scroll            |       |       |    10 |     4 ||    14
  Eat: Chunk             |     3 |     7 |    16 |     4 ||    30
Armor: Scale mail        |    34 |    49 |    81 |     1 ||   165
       Plate armour      |       |       |       |    62 ||    62
Dodge: Dodged            |    23 |    45 |   165 |    92 ||   325
Block: Shield            |    39 |    65 |   167 |   132 ||   403
